 Dungeon Crawl Stone Soup version 0.28.0 (webtiles) character file.

Game seed: 15381420973451020633

186 styxcanada the Magician (level 5, 0/28 HPs)
             Began as a Deep Elf Venom Mage on Feb 6, 2022.
             Slain by a black bear (3 damage)
             ... on level 4 of the Dungeon on Feb 7, 2022.
             The game lasted 00:15:27 (3171 turns).

styxcanada the Magician (Deep Elf Venom Mage)       Turns: 3171, Time: 00:15:27

Health: 0/28       AC:  3    Str:  5    XL:     5   Next: 38%
Magic:  12/13      EV: 12    Int: 22    God:
Gold:   104        SH:  0    Dex: 15    Spells: 7/13 levels left

rFire   . . .      SeeInvis .   i - +2 spear (venom)
rCold   . . .      Faith    .   (no shield)
rNeg    . . .      Spirit   .   a - +0 robe
rPois   .          Reflect  .   p - +0 helmet
rElec   .          Harm     .   h - scarf {repulsion}
rCorr   .          Rampage  .   (no gloves)
Will    .....                   (no boots)
Stlth   ++........              (no amulet)
HPRegen 0.09/turn               (no ring)
MPRegen 0.13/turn               (no ring)

@: repel missiles
A: no striking features
a: no special abilities


You were on level 4 of the Dungeon.
You visited 1 branch of the dungeon, and saw 4 of its levels.

You collected 104 gold pieces.

Inventory:

Hand Weapons
 b - a +0 dagger
 d - a +0 short sword
 i - a +2 spear of venom (weapon)
 l - a +0 hunting sling
Missiles
 c - 134 stones
 m - 34 sling bullets
Armour
 a - a +0 robe (worn)
 h - a scarf of repulsion (worn)
 k - a +0 cloak
 p - a +0 helmet (worn)
Scrolls
 n - 2 scrolls of noise {unknown}
Potions
 e - a potion of cancellation
 f - a potion of flight
 g - a potion of lignification {unknown}
 j - 2 potions of curing {unknown}
 o - a potion of heal wounds {unknown}


   Skills:
 + Level 0.4 Fighting
 + Level 0.1 Short Blades
 + Level 2.5 Dodging
 * Level 3.5 Stealth
 * Level 4.5 Spellcasting
 * Level 2.7 Transmutations
 * Level 1.2 Air Magic
 * Level 4.4 Poison Magic


You had 7 spell levels left.
You knew the following spells:

 Your Spells              Type           Power      Damage    Failure   Level
a - Sting                 Tmut/Pois      80%        1d7       2%          1
b - Poisonous Vapours     Pois/Air       34%        N/A       4%          2
c - Mephitic Cloud        Conj/Pois/Air  13%        N/A       16%         3

Your spell library contained the following spells:

 Spells                   Type           Power      Damage    Failure   Level
 Beastly Appendage        Tmut           34%        N/A       3%          1
 Wereblood                Tmut           17%        N/A       5%          2
 Spider Form              Tmut/Pois      20%        N/A       8%          3
 Apportation              Tloc           8%         N/A       11%         1
 Corpse Rot               Necr/Air       14%        N/A       13%         2
 Static Discharge         Conj/Air       7%         N/A       13%         2
 Olgreb's Toxic Radiance  Pois           24%        N/A       17%         4
 Confusing Touch          Hex            4%         N/A       32%         3
 Yara's Violent Unravell  Hex/Tmut       5%         3d4       86%         5
 Lightning Bolt           Conj/Air       3%         1d15      93%         5
 Enfeeble                 Hex            2%         N/A       100%        7
 Maxwell's Capacitive Co  Air            5%         ∞         100%        8


Dungeon Overview and Level Annotations

Branches:
Dungeon (4/15)
 Temple: D:4-7

Altars:
Elyvilon
Qazlal
Yredelemnul


Message History

Things that are here:
a +0 dagger; a kobold corpse You open the door.
There is an open door here.
A black bear comes into view.
An adder comes into view.
The helpless black bear fails to defend itself.
You hit the black bear.
The black bear is poisoned.
The black bear is lightly wounded.
The black bear bites you. The black bear closely misses you.
The black bear barely misses you.
You closely miss the black bear.
The black bear is lightly wounded.
The black bear bites you. The black bear closely misses you.
The black bear claws you.
You hit the black bear.
The black bear is moderately wounded.
The black bear misses you.
The black bear claws you but does no damage.
The black bear closely misses you.
The black bear looks more healthy.
Found a flail.
The black bear goes berserk!
The black bear rages.
The black bear bites you. The black bear barely misses you. x2
The black bear closely misses you. The black bear claws you.
The black bear claws you but does no damage.
Casting: Sting (safe; 2% risk of failure)
Confirm with . or Enter, or press ? or * to list all spells.
Aiming: Sting (safe; 2% risk of failure)
Press: ? - help, Shift-Dir - straight line, f - black bear
Aim: a black bear (severely wounded, berserk, 82% to hit)
The sting misses the black bear.
The black bear closely misses you. The black bear claws you. x2
The black bear completely misses you. The black bear closely misses you.
The black bear claws you.
* * * LOW HITPOINT WARNING * * *
The black bear barely misses you. The black bear claws you.
* * * LOW HITPOINT WARNING * * *
The black bear claws you.
You die...

....... ...... ......
..... ....# #.#.# # #.
#.#.#.#
.#...#@#.#.####.
........h).......
#.#...#.#.#.####.
#.....#.#......
.......#.#......
#####...#........
....#........
#..#.#.#.#..§§§###
.####+#.S#.#.#.#.#§≈##


You could see a black bear (berserk).

Vanquished Creatures
  An ogre (D:2)
  2 adders (D:2)
  4 gnolls (D:2)
  An adder zombie (D:3)
  A dart slug (D:1)
  A bat (D:1)
  6 endoplasms
  A giant cockroach (D:1)
  A hobgoblin (D:3)
  5 kobolds
  8 ball pythons
  2 frilled lizards
  7 goblins
  A quokka zombie (D:3)
  5 rats
46 creatures vanquished.

Notes
Turn   | Place    | Note
-------+----------+-------------------------------------------
     0 | D:1      | styxcanada the Deep Elf Venom Mage began the quest for the
                  | Orb.
     0 | D:1      | Reached XP level 1. HP: 10/10 MP: 6/6
   249 | D:1      | Reached XP level 2. HP: 13/15 MP: 5/8
   452 | D:1      | Found a faded altar of an unknown god.
   494 | D:1      | Got Plato's Compendium of Dislocation
   732 | D:1      | Learned a level 2 spell: Poisonous Vapours
   915 | D:1      | You fall into a shaft and drop 1 floor!
   949 | D:2      | Reached XP level 3. HP: 12/19 MP: 2/10
  1137 | D:2      | Found a white marble altar of Elyvilon.
  1215 | D:2      | Noticed an ogre
  1287 | D:2      | Killed an ogre
  1288 | D:2      | Reached skill level 1 in Air Magic
  1288 | D:2      | Reached XP level 4. HP: 15/24 MP: 9/12
  1745 | D:2      | Reached XP level 5. HP: 28/28 MP: 8/13
  2112 | D:2      | Learned a level 3 spell: Mephitic Cloud
  2819 | D:3      | Found a stormy altar of Qazlal.
  2937 | D:3      | Found a basalt altar of Yredelemnul.
  3142 | D:4      | Noticed a black bear
  3171 | D:4      | Slain by a black bear

Illustrated notes

Levels and vault maps discovered:
D:1:      lightli_arrival_farm, layout_basic,
          shapermc_ecumenical_altar_rom_forum
D:2:      layout_loops_cross, basic_altar
D:3:      layout_loops_cross, nicolae_qazlal_eye_of_the_storm,
          lemuel_zombie_altar_yredelemnul, grunt_ministairs_13,
          kennysheep_generic_room_8
D:4:      layout_basic, lightli_temple_of_fire

Skill      XL: |  1  2  3 |
---------------+----------+-----
Stealth        | 3 |  3.5
Spellcasting   | 4 |  4.5
Transmutations | 2 |  2.7
Air Magic      | 1 |  1.2
Poison Magic   | 4 |  4.4
Fighting       | |  0.4
Short Blades   | |  0.1
Dodging        | |  2.5

Action                   |  1- 3 |  4- 6 || total
-------------------------+-------+-------++-------
Melee: Unarmed           |     2 |       ||     2
       Dagger            |    11 |       ||    11
       Spear             |     2 |    30 ||    32
 Cast: Sting             |    53 |    19 ||    72
       Poisonous Vapours |     3 |     8 ||    11
  Use: Scroll            |       |     3 ||     3
 Stab: Sleeping          |       |     5 ||     5
Armor: Robe              |     3 |     9 ||    12
Dodge: Dodged            |    20 |    33 ||    53
